 Dungeon Sprint DCSS version 0.29.1-2-gbd0b4ee654 (webtiles) character file.

Game seed: 9934394873913812429

4020 Zeld the Severer (level 10, -36/151 HPs)
             Began as a Minotaur Berserker on Oct 25, 2022.
             Was a High Priest of Trog.
             Annihilated by Agnes
             ... wielding a +3 lajatang of speed
              (37 damage)
             ... in the Dungeon (Sprint IV: "Fedhas' Mad Dash").
             The game lasted 00:03:31 (2395 turns).

Zeld the Severer (Minotaur Berserker)               Turns: 2395, Time: 00:03:32

Health: -36/151    AC:  3    Str: 26    XL:     10   Next: 3%
Magic:  9/9        EV: 16    Int:  4    God:    Trog [*****.]
Gold:   64         SH:  0    Dex: 10    Spells: 9/9 levels left

rFire   . . .      SeeInvis .   a - +0 battleaxe (vorpal)
rCold   . . .      Faith    .   (shield currently unavailable)
rNeg    . . .      Spirit   .   b - +0 animal skin
rPois   .          Reflect  .   (helmet restricted)
rElec   .          Harm     .   (no cloak)
rCorr   .          Rampage  .   (no gloves)
Will    .....      NoTele   +   (no boots)
Stlth   ..........              i - amulet of invisibility {+Inv}
HPRegen 0.35/turn               (no ring)
MPRegen 0.11/turn               (no ring)

@: berserking, very quick
A: horns 2, retaliatory headbutt
a: Renounce Religion, Evoke Invisibility, Berserk, Trog's Hand, Brothers in Arms


You were in the Dungeon.
You worshipped Trog.
Trog was extremely pleased with you.
You visited 1 branch You collected 207 gold pieces.
You spent 143 gold pieces at shops.

Inventory:

Hand Weapons
 a - a +0 vorpal battleaxe (weapon)
Armour
 b - a +0 animal skin (worn)
Jewellery
 i - the amulet of invisibility (around neck) {+Inv}
   (You found it in the Dungeon)

   [amulet of nothing]

   +Inv:      It lets you turn invisible.
Wands
 j - a wand of acid (3)
Scrolls
 h - a scroll of blinking
 n - 3 scrolls of amnesia {unknown}
 q - a scroll of immolation {unknown}
 r - 2 scrolls of identify {unknown}
Potions
 c - 2 potions of curing
 d - a potion of heal wounds
 e - a potion of haste
 f - 2 potions of magic
 g - a potion of berserk rage
 l - a potion of might
 m - 2 potions of flight
 p - a potion of attraction {unknown}
Miscellaneous
 k - a phial of floods
 o - a phantom mirror


   Skills:
 + Level 13.1 Fighting
 * Level 17.8 Axes
 + Level 12.9 Armour
 + Level 11.8 Dodging


You had 9 spell levels left.
You didn't know any spells.
Your spell library was empty.

Dungeon Overview and Level Annotations

Branches:
Dungeon (1/1)

Altars:
Cheibriados
Dithmenos
Elyvilon
Gozag
Hepliaklqana
Kikubaaqudgha
Makhleb
Nemelex Xobeh
Okawaru
Qazlal
Ru
Sif Muna
Trog
Uskayaw
Vehumet
Wu Jian
Xom
Yredelemnul
Zin
The Shining One
Jiyva
Lugonu

Shops:
D ![*(

Annotations:
D Agnes


Innate Abilities, Weirdness & Mutations

You have a pair of horns on your head.
You reflexively headbutt those who attack you in melee.


Message History

You slice the oklob plant conjurer!!
You destroy the oklob plant conjurer!
Trog accepts your kill.
Trog appreciates your killing of a magic user.
Your Fighting skill increases to level 13!
You have reached level 10!
Found a robe.
A ballistomycete spore comes into view.
The ballistomycete spore waves its rhizomes.
You slash the ballistomycete spore!
The ballistomycete spore explodes!
The explosion of spores engulfs you!
You are confused.
You hear a shout!
There is an open door here.
Unknown command.
You bump into the stone wall.
Agnes the Wanderer comes into view.
She is wielding a +3 lajatang of speed.
Agnes is nearby!
You feel less confused.
Agnes drinks a potion.
Agnes goes berserk!
A red film seems to cover your vision as you go berserk!
You feel yourself moving faster!
You feel mighty! Agnes completely misses you. Agnes barely misses you.
Agnes hits you with a +3 lajatang of speed!!!
Agnes hits you with a +3 lajatang of speed!!
You open Agnes like a pillowcase!!! You headbutt Agnes!!
Agnes is heavily wounded.
Agnes completely misses you.
Agnes hits you with a +3 lajatang of speed!!!
* * * LOW HITPOINT WARNING * * *
You miss Agnes. Your headbutt misses Agnes.
Agnes is heavily wounded.
Agnes closely misses you. You furiously retaliate!
You headbutt Agnes!
Agnes hits you with a +3 lajatang of speed!!
* * * LOW HITPOINT WARNING * * *
You miss Agnes. Your headbutt misses Agnes.
Agnes is heavily wounded.
Agnes hits you with a +3 lajatang of speed!!!
You die...

...#.⌠._._._._.⌠.#..)...#....##∩#
.[.'.._._._._._..'..#...#....'[.#
...#..._._._._...#..###'##..[##∩#
#'##.._._._._._..#..##∩∩.'...####
...#._._._._._.⌠.#############
...##################
####♣♣♣♣♣.)♣.###.'.[+
."'......♣).♣##:i#..#
..#♣..♣♣♣.♣..###@##i#
..#.♣♣..♣...♣')..# .♣
################## . .♣ . ..


You could see Agnes (berserk).

Vanquished Creatures
  A spriggan druid (D)
  3 oklob plants (D)
  3 burning bushes (D)
  2 queen bees (D)
  A hornet (D)
  3 wandering mushrooms (D)
  3 scorpions (D)
  4 killer bees (D)
  5 oklob saplings (D)
  3 spriggans (D)
  A river rat (D)
  A rat (D)
  A ballistomycete spore (D)
31 creatures vanquished.

Vanquished Creatures (others)
  A fungus (D)
1 creature vanquished.

Grand Total: 32 creatures vanquished

Notes
Turn   | Place    | Note
-------+----------+-------------------------------------------
     0 | D        | Zeld the Minotaur Berserker began the quest for the Orb.
     0 | D        | Reached XP level 1. HP: 19/19 MP: 0/0
     8 | D        | Reached skill level 4 in Axes
     8 | D        | Reached XP level 2. HP: 27/27 MP: 1/1
   265 | D        | Noticed an oklob sapling
   269 | D        | Killed an oklob sapling
   269 | D        | Reached ** piety under Trog
   270 | D        | Reached skill level 6 in Axes
   270 | D        | Reached XP level 3. HP: 35/35 MP: 2/2
   312 | D        | Noticed a scorpion
   312 | D        | Found the amulet of invisibility {+Inv}
   319 | D        | Killed a scorpion
   320 | D        | Reached skill level 5 in Fighting
   320 | D        | Reached skill level 7 in Axes
   320 | D        | Reached skill level 5 in Armour
   320 | D        | Reached XP level 4. HP: 40/44 MP: 3/3
   357 | D        | Reached skill level 8 in Axes
   357 | D        | Reached skill level 5 in Dodging
   383 | D        | Noticed a queen bee
   391 | D        | Reached XP level 5. HP: 51/51 MP: 2/4
   394 | D        | Reached skill level 9 in Axes
   395 | D        | Reached *** piety under Trog
   399 | D        | Reached skill level 10 in Axes
   399 | D        | Reached XP level 6. HP: 61/61 MP: 2/5
   410 | D        | Killed a queen bee
   411 | D        | Reached skill level 11 in Axes
   656 | D        | Noticed an oklob plant
   805 | D        | Killed an oklob plant
   806 | D        | Reached skill level 13 in Axes
   806 | D        | Reached XP level 7. HP: 35/71 MP: 4/6
  1024 | D        | Noticed a burning bush
  1031 | D        | Killed a burning bush
  1031 | D        | Reached **** piety under Trog
  1032 | D        | Reached skill level 10 in Fighting
  1032 | D        | Reached skill level 10 in Armour
  1032 | D        | Reached XP level 8. HP: 80/80 MP: 4/7
  1190 | D        | Found an opulent altar of Gozag.
  1190 | D        | Found a hazy altar of Hepliaklqana.
  1190 | D        | Found a burning altar of Makhleb.
  1190 | D        | Found a sparkling altar of Nemelex Xobeh.
  1190 | D        | Found a snail-covered altar of Cheibriados.
  1190 | D        | Found a sacrificial altar of Ru.
  1190 | D        | Found a shimmering blue altar of Sif Muna.
  1190 | D        | Found a shimmering altar of Xom.
  1190 | D        | Found a basalt altar of Yredelemnul.
  1191 | D        | Found a viscous altar of Jiyva.
  1191 | D        | Found a bloodstained altar of Trog.
  1191 | D        | Found an ornate altar of the Wu Jian Council.
  1192 | D        | Found an iron altar of Okawaru.
  1192 | D        | Found a shadowy altar of Dithmenos.
  1192 | D        | Found a glowing silver altar of Zin.
  1193 | D        | Found an ancient bone altar of Kikubaaqudgha.
  1193 | D        | Found a hide-covered altar of Uskayaw.
  1194 | D        | Found a stormy altar of Qazlal.
  1194 | D        | Found a glowing golden altar of the Shining One.
  1194 | D        | Found a white marble altar of Elyvilon.
  1195 | D        | Found a radiant altar of Vehumet.
  1195 | D        | Found a corrupted altar of Lugonu.
  1204 | D        | Reached skill level 14 in Axes
  1271 | D        | Found Atagh's Armour Shop.
  1271 | D        | Found Ekiesch's Distillery.
  1325 | D        | Bought a potion of might for 44 gold pieces
  1325 | D        | Bought a potion of flight for 33 gold pieces
  1328 | D        | Noticed a burning bush
  1328 | D        | Noticed a wandering mushroom
  1331 | D        | Noticed a wandering mushroom
  1403 | D        | Reached ***** piety under Trog
  1404 | D        | Killed a wandering mushroom
  1405 | D        | Reached skill level 15 in Axes
  1407 | D        | Reached skill level 10 in Dodging
  1422 | D        | Killed a burning bush
  1620 | D        | Found Esiureuff's Weapon Emporium.
  1620 | D        | Found Huunal's Assorted Antiques.
  1626 | D        | Bought a yellow potion for 20 gold pieces
  1626 | D        | Bought a scroll labelled AZEITS KEQU for 23 gold pieces
  1626 | D        | Bought a scroll labelled ITA SUSEUROERU for 23 gold pieces
  1700 | D        | Noticed a burning bush
  1700 | D        | Noticed an oklob plant
  1701 | D        | Noticed a wandering mushroom
  1749 | D        | Killed a burning bush
  1750 | D        | Reached XP level 9. HP: 90/90 MP: 5/8
  1756 | D        | Reached skill level 16 in Axes
  1890 | D        | Killed an oklob plant
  2031 | D        | Noticed a spriggan druid
  2035 | D        | Killed a spriggan druid
  2035 | D        | Received a gift from Trog
  2036 | D        | Reached skill level 17 in Axes
  2063 | D        | Noticed a queen bee
  2070 | D        | Killed a queen bee
  2139 | D        | Noticed a spriggan rider
  2382 | D        | Noticed an oklob plant conjurer
  2384 | D        | Killed an oklob plant conjurer
  2385 | D        | Reached XP level 10. HP: 101/101 MP: 9/9
  2389 | D        | Noticed Agnes
  2394 | D        | HP: 1/151 [Agnes/+3 lajatang of speed (23)]
  2395 | D        | Annihilated by Agnes

Illustrated notes

Levels and vault maps discovered:
D:        dungeon_sprint_fedhas [sprint_temple]

Skill      XL: |  1  2  3  4  5  6  7  8  9 |
---------------+----------------------------+-----
Fighting       | 4 5 6 7 9 10 11 13 | 13.1
Axes           | 4 6 7 8 10 13 15 17 | 17.8
Armour         | 3 4 5 6 7 9 10 11 12 | 12.9
Dodging        | 3 4 5 6 8 9 10 11 | 11.8

Action                   |  1- 3 |  4- 6 |  7- 9 | 10-12 || total
-------------------------+-------+-------+-------+-------++-------
Melee: Hand axe          |    12 |    43 |    83 |       ||   138
       Punch             |     1 |     2 |     2 |       ||     5
       Headbutt          |     1 |    13 |    26 |     1 ||    41
       Battleaxe         |       |       |    11 |     4 ||    15
Invok: Berserk           |     2 |     2 |     6 |     1 ||    11
 Abil: Evoke Invisibilit |       |     3 |     7 |       ||    10
 Stab: Invisible         |       |     5 |     4 |       ||     9
       Sleeping          |       |     1 |       |       ||     1
Armor: Animal skin       |     3 |       |     1 |       ||     4
Dodge: Dodged            |     4 |    17 |    14 |     4 ||    39
